 Dungeon Crawl Stone Soup version 0.20.1-1-g8b1a95d (webtiles) character file.

67 Gargoyl the Skirmisher (level 3, -10/33 HPs)
             Began as a Minotaur Abyssal Knight on Oct 21, 2017.
             Was a Believer of Lugonu.
             Mangled by an ogre
             ... wielding a +0 giant club
              (20 damage)
             ... on level 3 of the Dungeon.
             The game lasted 00:03:54 (1669 turns).

Gargoyl the Skirmisher (Minotaur Abyssal Knight)    Turns: 1669, Time: 00:03:54

Health: -10/33     AC: 11    Str: 16    XL:     3   Next: 98%
Magic:  12/12      EV:  5    Int: 11    God:    Lugonu [**....]
Gold:   78         SH:  0    Dex: 10    Spells: 2/2 levels left

rFire    . . .     SeeInvis .   a - +2 hand axe
rCold    . . .     Gourm    .   (no shield)
rNeg     . . .     Faith    .   e - +0 plate armour
rPois    .         Spirit   .   (helmet restricted)
rElec    .         Reflect  .   (no cloak)
rCorr    .         Harm     .   (no gloves)
MR       .....                  (no boots)
Stlth    ..........             (no amulet)
Regen    0.2/turn               d - ring of magical power
MPRegen  0.2/turn               i - +2 ring of intelligence

@: no status effects
A: retaliatory headbutt, horns 2
a: Depart the Abyss, Bend Space, Renounce Religion


You were on level 3 of the Dungeon.
You worshipped Lugonu.
Lugonu was pleased with you.
You were not hungry.

You visited 1 branch of the dungeon, and saw 4 of its levels.
You visited the Abyss 1 time.

You collected 78 gold pieces.

Inventory:

Hand Weapons
 a - a +2 hand axe (weapon)
Armour
 e - a +0 plate armour (worn)
Jewellery
 d - a ring of magical power (left hand)
 i - a +2 ring of intelligence (right hand)
Scrolls
 b - a scroll of teleportation
 j - 2 scrolls of remove curse
 k - a scroll of identify
 m - a scroll of immolation {unknown}
Potions
 f - a potion of magic {unknown}
 g - 2 potions of curing {unknown}
 h - a potion of flight {unknown}
Comestibles
 c - 3 bread rations


   Skills:
 + Level 4.2 Fighting
 + Level 3.4 Axes
 * Level 3.4 Armour
 + Level 1.1 Dodging
 * Level 2.3 Invocations


You had 2 spell levels left.
You didn't know any spells.

Dungeon Overview and Level Annotations

Branches:
Dungeon (4/15)
 Temple: D:4-7

Altars:
Cheibriados
Elyvilon
Gozag
Hepliaklqana
Ru
Sif Muna
Trog


Innate Abilities, Weirdness & Mutations

You reflexively headbutt those who attack you in melee.
You have a pair of horns on your head.


Message History

Your plate armour prevents you from hitting the ogre.
The ogre is lightly wounded.
The ogre barely misses you.
Your plate armour prevents you from hitting the ogre.
The ogre is lightly wounded.
You hit the orc but do no damage. The ogre hits you with a giant club!
The orc hits you.
Unknown command.
You hit the ogre but do no damage.
The ogre is lightly wounded.
You hit the orc. The orc hits you but does no damage.
The ogre hits you with a giant club.
* * * LOW HITPOINT WARNING * * *
Unknown command.
You hit the ogre.
The ogre is moderately wounded.
You hit the orc. The orc hits you but does no damage.
The ogre hits you with a giant club!!
Ouch! That really hurt!
You die...

###$ #.#
....##.#
....#.# ..r#.#
#...# #..#
####
######.o##...#
......roO@...+
.......###o.(#
..(.... ...#
....... ...#
####### ...#
...# ....
#....


You could see an ogre, 3 orcs and a rat.

Vanquished Creatures
  An ooze (D:1)
  A worm (D:2)
  2 dart slugs (D:1)
  2 leopard geckos (D:2)
  8 bats
  3 giant cockroaches
  4 goblins
  8 hobgoblins
  7 jackals (D:1)
  3 kobolds (D:1)
  2 quokkas (D:2)
  4 rats
45 creatures vanquished.

Notes
Turn   | Place    | Note
-------+----------+-------------------------------------------
     0 | Abyss:1  | Gargoyl the Minotaur Abyssal Knight began the quest for the Orb.
     0 | Abyss:1  | Reached XP level 1. HP: 19/19 MP: 1/1
    54 | Abyss:2  | Noticed a neqoxec
    59 | Abyss:2  | Noticed a hell hog
    60 | Abyss:2  | Noticed a hell hog
    60 | Abyss:2  | Noticed a hell hog
    61 | D:1      | Escaped the Abyss
   132 | D:1      | Reached skill level 4 in Fighting
   214 | D:1      | Reached XP level 2. HP: 27/27 MP: 2/2
   294 | D:1      | Reached * piety under Lugonu
   355 | D:1      | Reached XP level 3. HP: 28/33 MP: 3/3
  1121 | D:2      | Found a bloodstained altar of Trog.
  1315 | D:2      | Found an opulent altar of Gozag.
  1316 | D:2      | Reached ** piety under Lugonu
  1519 | D:2      | Found a deep blue altar of Sif Muna.
  1523 | D:2      | Found a white marble altar of Elyvilon.
  1523 | D:2      | Found a snail-covered altar of Cheibriados.
  1539 | D:2      | Found a sacrificial altar of Ru.
  1549 | D:2      | Found a hazy altar of Hepliaklqana.
  1654 | D:2      | You fall through a shaft for 2 floors!
  1654 | D:4      | Noticed an ogre
  1669 | D:3      | Mangled by an ogre

Skill      XL: |  1  2  3 |
---------------+----------+-----
Fighting       | 4 |  4.2
Invocations    | 2 |  2.3
Armour         | 3 |  3.4
Axes           | 3 |  3.4
Dodging        | |  1.1

Action                   || total
-------------------------++-------
Melee: Hand axe          ||    95
       Headbutt          ||    17
Invok: Depart the Abyss  ||     1
  Use: Scroll            ||     5
  Eat: Chunk             ||     2
Armor: Plate armour      ||   108
Dodge: Dodged            ||    45
